 Dungeon Crawl Stone Soup version 0.29-a0-575-g0dc89cf053 (webtiles) character file.

Game seed: 5000170368223412551

142 tilp the Grave Robber (level 5, -3/38 HPs)
             Began as a Mummy Necromancer on June 12, 2022.
             Slain by a water moccasin zombie (7 damage)
             ... in an ossuary.
             The game lasted 00:05:59 (4405 turns).

tilp the Grave Robber (Mummy Necromancer)           Turns: 4405, Time: 00:06:00

Health: -3/38      AC:  2    Str: 11    XL:     5   Next: 4%
Magic:  9/9        EV: 12    Int: 16    God:
Gold:   218        SH:  0    Dex: 13    Spells: 6/10 levels left

rFire   x . .      SeeInvis .   a - +0 whip
rCold   + . .      Faith    .   (no shield)
rNeg    + + +      Spirit   .   g - +0 robe
rPois   ∞          Reflect  .   (no helmet)
rElec   .          Harm     .   (no cloak)
rCorr   +          Rampage  .   (no gloves)
Will    .....                   (no boots)
Stlth   ++........              j - amulet of magic regeneration
HPRegen 0.12/turn               f - ring of resist corrosion
MPRegen 0.51/turn               (no ring)

@: no status effects
A: cold resistance 1, negative energy resistance 3, torment resistance 2, heat
vulnerability 1, in touch with death 1, no potions
a: no special abilities


You were in an ossuary.
You visited 1 branch of the dungeon, and saw 4 of its levels.
You also visited: Ossuary.

You collected 218 gold pieces.

Inventory:

Hand Weapons
 a - a +0 whip (weapon)
 b - a +0 vampiric dagger
Missiles
 c - 101 stones (quivered)
 q - 6 poisoned darts
Armour
 g - a +0 robe (worn)
 m - a +0 buckler
Jewellery
 f - a ring of resist corrosion (left hand)
 j - an amulet of magic regeneration (around neck)
Scrolls
 d - a scroll of poison {unknown}
 e - a scroll of brand weapon {unknown}
 h - a scroll of teleportation
 i - a scroll of enchant weapon
 k - a scroll of enchant armour {unknown}
 l - 2 scrolls of noise {unknown}
 n - a scroll of summoning {unknown}
 o - a scroll of vulnerability {unknown}


   Skills:
 - Level 2.0 Fighting
 - Level 2.0 Dodging
 - Level 2.0 Stealth
 - Level 3.0 Spellcasting
 * Level 5.5 Necromancy


You had 6 spell levels left.
You knew the following spells:

 Your Spells              Type           Power      Damage    Failure   Level
a - Necrotize             Necr           100%       1d9       1%          1
b - Vampiric Draining     Necr           30%        2d8       6%          3

Your spell library contained the following spells:

 Spells                   Type           Power      Damage    Failure   Level
 Animate Dead             Necr           30%        N/A       19%         4
 Agony                    Necr           30%        N/A       47%         5


Dungeon Overview and Level Annotations

Branches:
Dungeon (4/15)            Ossuary (1/1)
 Temple: D:4-7

Altars:
Hepliaklqana
Makhleb
Ru
Trog
Vehumet

Shops:
D:1 [((

Annotations:
D:3 1 runed translucent door, Crazy Yiuf, Grinder


Innate Abilities, Weirdness & Mutations

You are immune to poison.
Your flesh is cold resistant. (rC+)
You are immune to negative energy. (rN+++)
You are immune to unholy pain and torment.
You are vulnerable to heat. (rF-)
You are in touch with the powers of death.
You do not drink.


Message History

The water moccasin zombie is moderately damaged.
The water moccasin zombie barely misses you. x2
You hit the water moccasin zombie.
The water moccasin zombie is moderately damaged.
The water moccasin zombie barely misses you.
You hit the water moccasin zombie.
The water moccasin zombie is moderately damaged.
The water moccasin zombie barely misses you.
You hit the water moccasin zombie.
The water moccasin zombie is moderately damaged.
The water moccasin zombie bites you!
The water moccasin zombie barely misses you.
You hit the water moccasin zombie.
The water moccasin zombie is heavily damaged.
The water moccasin zombie bites you.
You hit the water moccasin zombie but do no damage.
The water moccasin zombie is heavily damaged.
The water moccasin zombie bites you.
You closely miss the water moccasin zombie.
The water moccasin zombie is heavily damaged.
The water moccasin zombie bites you.
* * * LOW HITPOINT WARNING * * *
The water moccasin zombie bites you.
* * * LOW HITPOINT WARNING * * *
You barely miss the water moccasin zombie.
The water moccasin zombie is heavily damaged.
The water moccasin zombie closely misses you.
You hit the water moccasin zombie but do no damage.
The water moccasin zombie is heavily damaged.
The water moccasin zombie bites you.
* * * LOW HITPOINT WARNING * * *
You hit the water moccasin zombie.
The water moccasin zombie is heavily damaged.
The water moccasin zombie bites you.
* * * LOW HITPOINT WARNING * * *
The water moccasin zombie closely misses you.
You hit the water moccasin zombie.
The water moccasin zombie is severely damaged.
The water moccasin zombie bites you!
You die...

## #. #. #. #.
#Z### #.@.#
#...# #...#
#...# ##'##
#...#
#...##### ###
#...#...#!!!?#
#...'.∩.#!$[!+


You could see a water moccasin zombie.

Vanquished Creatures
  A hound (D:3)
  A gnoll (D:3)
  An adder (D:2)
  An ufetubus (D:4)
  2 adder zombies (Ossuary)
  A dart slug (D:1)
  7 orcs
  6 ball pythons
  6 bats
  4 endoplasms
  4 giant cockroaches
  3 goblins
  8 hobgoblins
  2 jackals (D:1)
  5 kobolds
  2 quokkas
  4 frilled lizards
  A hobgoblin zombie (Ossuary)
  A kobold zombie (Ossuary)
  6 rats
66 creatures vanquished.

Vanquished Creatures (collateral kills)
  A worm (D:2)
  A hobgoblin (D:2)
  A kobold (D:3)
3 creatures vanquished.

Grand Total: 69 creatures vanquished

Notes
Turn   | Place    | Note
-------+----------+-------------------------------------------
     0 | D:1      | tilp the Mummy Necromancer began the quest for the Orb.
     0 | D:1      | Reached XP level 1. HP: 13/13 MP: 4/4
   135 | D:1      | Reached XP level 2. HP: 19/20 MP: 0/5
   187 | D:1      | Found Jeabb's Antique Armour Shop.
   207 | D:1      | Reached skill level 1 in Fighting
   679 | D:1      | Found Lexepomm's Weapon Emporium.
   810 | D:1      | Found a faded altar of an unknown god.
   885 | D:1      | Found Wiuthropoo's Weapon Boutique.
  1343 | D:2      | Gained mutation: You are in touch with the powers of death.
                  | [Mummy growth]
  1343 | D:2      | Reached XP level 3. HP: 26/26 MP: 5/7
  1347 | D:2      | Learned a level 3 spell: Vampiric Draining
  1376 | D:2      | Found a sacrificial altar of Ru.
  2030 | D:3      | Found a radiant altar of Vehumet.
  2055 | D:3      | Noticed Grinder
  2081 | D:3      | Paralysed by Grinder for 3 turns
  2270 | D:3      | Found a hazy altar of Hepliaklqana.
  2270 | D:3      | Found a bloodstained altar of Trog.
  2272 | D:3      | Found a burning altar of Makhleb.
  2352 | D:3      | Found a runed translucent door.
  2353 | D:3      | Noticed Crazy Yiuf
  2454 | D:3      | Paralysed by Grinder for 4 turns
  2623 | D:3      | Reached XP level 4. HP: 27/33 MP: 2/8
  2796 | D:3      | Reached skill level 5 in Necromancy
  3793 | D:4      | Found a sand-covered staircase.
  3913 | Ossuary  | Entered an ossuary
  3930 | Ossuary  | Reached XP level 5. HP: 30/38 MP: 9/9
  4405 | Ossuary  | Slain by a water moccasin zombie

Illustrated notes

Levels and vault maps discovered:
D:1:      noname_arrival_rooms_in_the_neighbourhood, layout_loops_ring,
          hellmonk_ecumenical_altar_crossroads, serial_shops,
          nicolae_shop_window_shopping, shop, shop
D:2:      layout_rooms, basic_altar
D:3:      layout_basic, mainiacjoe_overflow_boulevard,
          gammafunk_temple_overflow_claw, minmay_quantized, uniq_grinder,
          uniq_crazy_yiuf_cottage
D:4:      layout_basic, enter_ossuary_3
Ossuary:  ossuary_tomb_2

Skill      XL: |  1  2  3  4 |
---------------+-------------+-----
Fighting       | 1 2 |  2.0
Spellcasting   | 3 |  3.0
Stealth        | 2 |  2.0
Dodging        | 2 |  2.0
Necromancy     | 5 |  5.5

Action                   |  1- 3 |  4- 6 || total
-------------------------+-------+-------++-------
Melee: Unarmed           |    15 |       ||    15
       Dagger            |    54 |    62 ||   116
       Whip              |       |    54 ||    54
       Punch             |       |     1 ||     1
Throw: Stone             |     5 |       ||     5
 Cast: Necrotize         |    47 |     9 ||    56
       Vampiric Draining |     3 |     5 ||     8
  Use: Scroll            |     3 |     1 ||     4
 Stab: Sleeping          |     2 |     1 ||     3
       Distracted        |       |     1 ||     1
Armor: Robe              |    16 |    21 ||    37
Dodge: Dodged            |    43 |    70 ||   113

Table legend: (Time is in decaauts)
 A = Elapsed time spent in this place.
 B = Non-inter-level travel time spent in this place.
 C = Inter-level travel time spent in this place.
 D = Time resting spent in this place.
 E = Time spent auto-exploring this place.
 F = Levels seen in this place.
 G = Mean time per level.
                   A        B        C        D        E       F      G
               +--------+--------+--------+--------+--------+-----+--------+
         Total |   4406 |   4190 |    216 |    913 |   2628 |   5 |  881.2 |
       Dungeon |   3910 |   3694 |    216 |    490 |   2628 |   4 |  977.5 |
       Ossuary |    496 |    496 |      0 |    423 |      0 |   1 |  496.0 |
               +--------+--------+--------+--------+--------+-----+--------+

Top non-repeatable levels by time:
     D:3: 1578 daAuts
     D:1: 1337 daAuts
     D:2: 714 daAuts
 Ossuary: 496 daAuts
     D:4: 279 daAuts
